 Seeded DCSS version 0.30.1-5-ged363bc7ee (webtiles) character file.

Game seed: 784279740803775113 (custom seed)

28441 CarvArkoylaein the Severer (level 13, -23/130 HPs)
             Began as a Minotaur Fighter on Sept 19, 2023.
             Killed by the air
             ... invoked by a spriggan air mage
              (30 damage)
             ... on level 2 of the Swamp.
             The game lasted 00:57:05 (9868 turns).

CarvArkoylaein the Severer (Minotaur Fighter)       Turns: 9868, Time: 00:57:05

Health: -23/130    AC: 18    Str: 22    XL:     13   Next: 9%
Magic:  12/12      EV: 13    Int:  4    God:
Gold:   1378       SH:  0    Dex: 17    Spells: 12/12 levels left

rFire   + + .        h - +8 battleaxe (flame)
rCold   + . .        (shield currently unavailable)
rNeg    . . .        n - +2 crystal plate armour {rC+}
rPois   .            (helmet restricted)
rElec   .            (no cloak)
rCorr   .            t - +0 pair of gloves of Compression {rF++}
SInv    .            H - +0 pair of boots
Will    .....        o - amulet of regeneration Stlth
                     w - ring of flight
HPRegen 1.21/turn    B - +5 ring of evasion
MPRegen 0.13/turn

%: no passive effects
@: confused, ambrosia-drunk, corroded, flying
A: horns 2, retaliatory headbutt, agile 1, robust 1, MP-powered wands, sturdy
frame 1
a: no special abilities


You were on level 2 of the Swamp.
You visited 4 branches of the dungeon, and saw 14 of its levels.
You also visited: Sewer.

You collected 1378 gold pieces.

Inventory:

Hand Weapons
 h - a +8 battleaxe of flaming (weapon)
 p - a +0 demon blade
Missiles
 g - 5 throwing nets
 z - 7 silver javelins
Armour
 b - a +1 scale mail
 n - a +2 crystal plate armour of cold resistance (worn)
 t - the +0 pair of gloves of Compression (worn) {rF++}
   (You acquired it on level 7 of the Dungeon)

   rF:        It greatly protects you from fire.
 D - +3 steam dragon scales
 H - a +0 pair of boots (worn)
Jewellery
 o - an amulet of regeneration (around neck)
 s - a ring of wizardry
 w - a ring of flight (left hand)
 B - a +5 ring of evasion (right hand)
 E - a ring of ice
Wands
 d - a wand of roots (8)
 q - a wand of polymorph (1)
 A - a wand of flame (26) (quivered)
Scrolls
 e - 5 scrolls of amnesia
 k - a scroll of fear
 m - 3 scrolls of identify
 u - 9 scrolls of teleportation
 y - 2 scrolls of butterflies
 I - a scroll of brand weapon
Potions
 i - 3 potions of brilliance
 j - 2 potions of haste
 l - 3 potions of flight
 r - 4 potions of degeneration
 v - 3 potions of attraction
 x - a potion of mutation


   Skills:
 + Level 12.6 Fighting
 + Level 19.0 Axes
 + Level 0.1 Throwing
 + Level 11.2 Armour
 + Level 6.6 Dodging
 + Level 3.1 Stealth
 + Level 4.7 Shields
 + Level 1.2 Evocations


You had 12 spell levels left.
You didn't know any spells.
Your spell library contained the following spells:

 Spells                   Type           Power      Damage    Failure   Level
 Magic Dart               Conj           0%         1d3       100%        1
 Sandblast                Erth           0%         2d4       100%        1
 Passwall                 Tmut/Erth      0%         N/A       100%        2
 Poisonous Vapours        Pois/Air       0%         N/A       100%        2
 Searing Ray              Conj           0%         2d4       100%        2
 Frozen Ramparts          Ice            0%         1d1       100%        3
 Mephitic Cloud           Conj/Pois/Air  0%         N/A       100%        3
 Stone Arrow              Conj/Erth      0%         3d7       100%        3
 Fulminant Prism          Conj/Hex       0%         3d5       100%        4
 Ice Form                 Ice/Tmut       0%         N/A       100%        4
 Summon Ice Beast         Ice/Summ       0%         N/A       100%        4
 Freezing Cloud           Conj/Ice/Air   0%         6-21      100%        5


Dungeon Overview and Level Annotations

Branches:
Dungeon (8/15)             Temple (1/1) D:5            Lair (3/5) D:8
  Swamp (2/4) Lair:3       Spider (0/4) Lair:3        Sewer (visited)

Altars:
Ashenzari
Cheibriados
Dithmenos
Elyvilon
Fedhas
Gozag
Hepliaklqana
Kikubaaqudgha
Makhleb
Nemelex Xobeh
Okawaru
Qazlal
Ru
Sif Muna
Trog
Vehumet
Wu Jian
Xom
Yredelemnul
The Shining One

Shops:
D:2 [

Annotations:
D:6 3 runed translucent doors, AccursedSamuel's ghost, novice TeMo


Innate Abilities, Weirdness & Mutations

You have a pair of horns on your head.
You reflexively headbutt those who attack you in melee.
You are agile. (Dex +4, Str/Int -1)
You are robust. (+10% HP)
You expend magic power (3 MP) to strengthen your wands.
Your movements are slightly less encumbered by armour. (ER -2)


Message History

The spriggan air mage shouts!
The spriggan air mage casts a spell at you.
The bolt of lightning hits you!!
You hear a shout!
Found 14 gold pieces and a glowing leather armour.
You feel sick. The goliath frog hits you from afar! The acid corrodes you!
You are splashed with acid.
The goliath frog hits you from afar!
You are splashed with acid!
You feel better. The goliath frog hits you from afar. The acid corrodes you!
You are splashed with acid!
* * * LOW HITPOINT WARNING * * *
Read: 2 scrolls of fear
Press: ? - help, Q - select action, (/) - cycle Dir - look around, f - activate Look: a swamp dragon (chance to affect: 90%)
As you read the scroll of fear, it crumbles to dust.
You assume a fearsome visage.
The tyrant leech looks frightened!
The goliath frog looks frightened!
The spriggan air mage resists with almost no effort.
The swamp dragon looks frightened!
A thorn hunter comes into view.
The spriggan air mage waves its arms in wide circles.
The air twists around and strikes you!!
* * * LOW HITPOINT WARNING * * *
Blink to where?
Press: ? - help, Q - select action, (/) - cycle Dir - move target, p - swamp dragon
As you read the scroll of blinking, it crumbles to dust.
A spriggan air mage is nearby!
The spriggan air mage waves its arms in wide circles.
The air twists around and strikes you!
* * * LOW HITPOINT WARNING * * *
You are confused.
You feel invigorated.
You are more confused.
You feel more invigorated.
The spriggan air mage waves its arms in wide circles.
The air twists around and strikes you!!
* * * LOW HITPOINT WARNING * * *
The spriggan air mage waves its arms in wide circles.
The air twists around and strikes you!!
You die...

..~~~~~§..~...~
♣..~~≈≈≈≈≈≈~..♣...
♣~~~≈≈≈≈≈≈≈~.§....~~~.
♣~.≈≈≈.~~≈≈~.~.~~...~.
~§~~≈≈.<.≈≈~~.♣~~..~~~
~~~≈≈≈~.~≈≈≈~♣♣♣...~..
~
.~~~≈≈≈≈~≈≈~~♣.♣~....
~. ...~~≈≈≈≈~@~.~~~~.♣
~~.
♣~.~~~~~i.<♣~$..♣♣.~.
♣♣...~.~....~..~.§~~§
♣♣♣♣♣♣♣♣.♣♣~..~♣♣~♣♣♣
♣♣.♣.♣††♣♣♣♣♣.♣♣
♣..f..~.♣♣.♣~.~♣
♣~~~~.♣.†♣~..♣.♣♣
♣~.~~..♣..§.....~♣
.~~♣~~.♣♣.~....~♣♣


You could see a thorn hunter and a spriggan air mage (repels missiles).

Vanquished Creatures
  Gastronok (Lair:1)
  An eleionoma (Swamp:1)
  2 bunyips (Swamp:1)
  4 hydras
  Urug (Lair:1)
  A skyshark (Lair:2)
  2 goliath frogs
  A swamp dragon (Swamp:1)
  3 bog bodies
  2 black mambas
  An ice statue (Lair:1)
  5 cane toads
  5 komodo dragons
  Maggie (Lair:1)
  3 rime drakes (Lair:1)
  An anaconda simulacrum (Lair:1)
  2 ice devils (Lair:1)
  A troll (D:7)
  2 hornets (Swamp:1)
  4 polar bears
  8 tyrant leeches
  3 blink frogs (Lair:3)
  2 spriggans (Swamp:1)
  A wraith (D:7)
  2 wyverns
  15 yaks
  4 basilisks
  A steam dragon (D:8)
  A vampire mosquito (Swamp:1)
  8 swamp worms
  4 water moccasins
  A swamp drake (D:8)
  2 ice beasts
  A sky beast (D:7)
  2 black bears
  4 ogres
  5 centaurs
  5 wolves (Lair:1)
  3 phantoms
  4 kobold brigands
  5 bullfrogs
  2 gnoll sergeants
  8 scorpions
  5 killer bees (D:7)
  3 howler monkeys
  2 jellies (D:7)
  3 orc priests
  Ijyb (D:3)
  4 iguanas
  9 orc wizards
  2 spriggan simulacra (Lair:1)
  A wolf simulacrum (Lair:1)
  A troll simulacrum (Lair:1)
  Robin (D:3)
  14 gnolls
  13 adders
  A river rat (Sewer)
  A white imp (Lair:1)
  An ufetubus (D:5)
  6 worms
  A dart slug (D:1)
  20 orcs
  12 endoplasms
  6 giant cockroaches
  19 goblins
  8 hobgoblins
  5 jackals
  8 quokkas
  11 ball pythons
  3 bats
  3 frilled lizards
  21 kobolds
  6 rats
325 creatures vanquished.

Vanquished Creatures (others)
  2 bloated husks (Swamp:1)
  2 vampire mosquitoes (Swamp:1)
  A centaur (Lair:1)
5 creatures vanquished.

Grand Total: 330 creatures vanquished

Notes
Turn   | Place    | Note
-------+----------+-------------------------------------------
     0 | D:1      | CarvArkoylaein the Minotaur Fighter began the quest for the
                  | Orb.
     0 | D:1      | Reached XP level 1. HP: 19/19 MP: 0/0
   112 | D:1      | Reached XP level 2. HP: 27/27 MP: 1/1
   466 | D:1      | Reached XP level 3. HP: 33/33 MP: 2/2
   638 | D:2      | Reached skill level 3 in Axes
   642 | D:2      | Found Pokeelur's Armour Boutique.
   821 | D:2      | Found a glowing golden altar of the Shining One.
   827 | D:2      | Reached XP level 4. HP: 41/41 MP: 3/3
  1199 | D:2      | Reached skill level 4 in Axes
  1360 | D:3      | Noticed Robin
  1385 | D:3      | Killed Robin
  1428 | D:3      | Noticed Ijyb
  1437 | D:3      | Killed Ijyb
  1438 | D:3      | Reached XP level 5. HP: 28/47 MP: 4/4
  1559 | D:3      | Found a glowing drain.
  1584 | Sewer    | Entered a sewer
  1666 | Sewer    | Reached skill level 1 in Dodging
  1671 | Sewer    | Reached skill level 5 in Fighting
  1671 | Sewer    | Reached skill level 5 in Axes
  1714 | Sewer    | Reached XP level 6. HP: 29/56 MP: 5/5
  2348 | D:3      | Found a radiant altar of Vehumet.
  2549 | D:3      | Identified 2 scrolls of acquirement
  2549 | D:3      | Acquired 709 gold pieces
  2550 | D:3      | Acquired a +6 battleaxe of flaming
  2849 | D:4      | Found a bloodstained altar of Trog.
  2902 | D:4      | Reached skill level 5 in Armour
  3153 | D:4      | Reached skill level 6 in Axes
  3153 | D:4      | Reached XP level 7. HP: 31/61 MP: 6/6
  3560 | D:5      | Entered Level 5 of the Dungeon
  3567 | D:5      | Reached skill level 7 in Axes
  3592 | D:5      | Found a staircase to the Ecumenical Temple.
  3599 | Temple   | Entered the Ecumenical Temple
  3954 | D:5      | Upgraded the game from 0.30.1-4-g462c640d31 to
                  | 0.30.1-5-ged363bc7ee
  4012 | D:5      | Reached XP level 8. HP: 68/70 MP: 7/7
  4192 | D:5      | Found a sacrificial altar of Ru.
  4192 | D:5      | Found an iron altar of Okawaru.
  4603 | D:6      | Reached skill level 8 in Axes
  4614 | D:6      | Gained mutation: You are robust. (+10% HP) [potion of
                  | mutation]
  4614 | D:6      | Gained mutation: You expend magic power (3 MP) to
                  | strengthen your wands. [potion of mutation]
  4614 | D:6      | Gained mutation: You are agile. (Dex +4, Str/Int -1)
                  | [potion of mutation]
  4614 | D:6      | Gained mutation: Your movements are slightly less
                  | encumbered by armour. (ER -2) [potion of mutation]
  4647 | D:6      | Found a blossoming altar of Fedhas.
  4648 | D:6      | Found an ancient bone altar of Kikubaaqudgha.
  4742 | D:6      | Found a runed translucent gate.
  4742 | D:6      | Found a runed translucent gate.
  4742 | D:6      | Found a runed translucent gate.
  4745 | D:6      | Noticed AccursedSamuel's ghost (novice TeMo)
  5123 | D:6      | Reached skill level 9 in Axes
  5278 | D:7      | Reached skill level 1 in Stealth
  5279 | D:7      | Reached XP level 9. HP: 72/86 MP: 4/8
  5411 | D:7      | Reached skill level 10 in Axes
  5446 | D:7      | Acquired the +0 pair of gloves of Compression {rF++}
  5481 | D:7      | Noticed a kobold demonologist
  5482 | D:7      | a kobold demonologist changed into a troll
  5482 | D:7      | Noticed a troll
  5487 | D:7      | Killed a troll
  5845 | D:7      | Reached skill level 11 in Axes
  6694 | D:8      | Noticed a komodo dragon
  6702 | D:8      | Killed a komodo dragon
  6703 | D:8      | Reached skill level 12 in Axes
  6703 | D:8      | Reached XP level 10. HP: 96/96 MP: 9/9
  6755 | D:8      | Found a staircase to the Lair.
  6802 | Lair:1   | Entered Level 1 of the Lair of Beasts
  6808 | Lair:1   | Noticed a cane toad
  6809 | Lair:1   | Noticed Urug
  6811 | Lair:1   | Noticed a cane toad
  6821 | Lair:1   | Killed a cane toad
  6824 | Lair:1   | Killed Urug
  6825 | Lair:1   | Reached skill level 13 in Axes
  6827 | Lair:1   | Noticed a black mamba
  6828 | Lair:1   | Killed a cane toad
  7011 | Lair:1   | Reached skill level 1 in Evocations
  7023 | Lair:1   | Noticed Maggie
  7025 | Lair:1   | Noticed Gastronok
  7033 | Lair:1   | Killed a black mamba
  7033 | Lair:1   | Killed Maggie
  7034 | Lair:1   | Reached skill level 14 in Axes
  7037 | Lair:1   | Reached skill level 5 in Dodging
  7037 | Lair:1   | Reached XP level 11. HP: 102/108 MP: 10/10
  7044 | Lair:1   | Killed Gastronok
  7151 | Lair:1   | Found a shimmering altar of Xom.
  7439 | Lair:1   | Noticed a bog body
  7461 | Lair:1   | Reached skill level 15 in Axes
  7463 | Lair:1   | Reached skill level 10 in Fighting
  7464 | Lair:1   | Killed a bog body
  8190 | Lair:2   | Reached skill level 16 in Axes
  8331 | Lair:2   | Noticed a skyshark
  8337 | Lair:2   | Killed a skyshark
  8353 | Lair:2   | Reached XP level 12. HP: 109/118 MP: 11/11
  8357 | Lair:2   | Reached skill level 10 in Armour
  8813 | Lair:3   | Found a hole to the Spider Nest.
  8865 | Lair:3   | Noticed an eight-headed hydra
  8873 | Lair:3   | Reached skill level 17 in Axes
  8878 | Lair:3   | Killed a four-headed hydra
  9047 | Lair:3   | Noticed a four-headed hydra
  9047 | Lair:3   | Noticed a four-headed hydra
  9053 | Lair:3   | Killed a one-headed hydra
  9058 | Lair:3   | Killed a one-headed hydra
  9080 | Lair:3   | Found a staircase to the Swamp.
  9101 | Swamp:1  | Entered Level 1 of the Swamp
  9147 | Swamp:1  | Reached skill level 18 in Axes
  9273 | Swamp:1  | Noticed a bunyip
  9281 | Swamp:1  | Killed a bunyip
  9283 | Swamp:1  | Noticed a bunyip
  9291 | Swamp:1  | Killed a bunyip
  9388 | Swamp:1  | Noticed an eleionoma
  9396 | Swamp:1  | Killed an eleionoma
  9611 | Swamp:1  | Reached XP level 13. HP: 115/130 MP: 12/12
  9844 | Swamp:2  | Reached skill level 19 in Axes
  9856 | Swamp:2  | Noticed a thorn hunter
  9863 | Swamp:2  | HP: 5/130 [spriggan air mage/the air (16)]
  9867 | Swamp:2  | HP: 1/130 [spriggan air mage/the air (22)]
  9868 | Swamp:2  | Killed from afar by a spriggan air mage

Illustrated notes

Levels and vault maps discovered:
D:1:      psy_arrival_conway, layout_basic, hangedman_decor_points, st_stairs_6
D:2:      layout_basic, basic_altar, serial_shops, shop
D:3:      layout_basic, nicolae_vehumet_radiance, cheibrodos_sewer_entry_drain,
          uniq_robin, uniq_ijyb
D:4:      nicolae_BIG_FREAKIN_CUBE, layout_basic, trog_antimagical,
          serial_aquarium, aquarium_bridge_long_joined
          [aquarium_subvault_bridge, aquarium_subvault_window,
          aquarium_subvault_window, aquarium_subvault_bridge,
          aquarium_subvault_bridge, aquarium_subvault_wall], aquarium_window_1,
          aquarium_window_1, aquarium_view_2b, aquarium_pool_1
D:5:      layout_basic, mainiacjoe_overflow_alcove_4,
          gammafunk_temple_overflow_elements, minmay_temple_entry_slanted
D:6:      layout_cave_pools, grunt_temple_overflow_growth_and_decay,
          ebering_ghost_rock_garden, kennysheep_boxes
D:7:      layout_gridville, grunt_ministairs_13
D:8:      layout_basic, erik_lair_dragon, small_statue_intersection
Temple:   dshaligram_water_room_temple
Lair:1:   dreamdust_isle_of_ice, layout_misc_corridors, lemuel_centaur_altar,
          uniq_maggie, uniq_urug, uniq_gastronok
Lair:2:   layout_loops_ring, minivault_11
Lair:3:   layout_long_grid, palyth_hydra_swamp_entry,
          nicolae_spider_entry_non_spiders, grunt_megastairs_5
Swamp:1:  layout_falls_marsh, nicolae_swamp_bean_lake, swamp_pool3,
          ldierk_geyser, nicolae_swamp_stuck_in_the_mud,
          infiniplex_staircase_pool
Swamp:2:  layout_falls_marsh, serial_swamp_ruin, evilmike_swamp_ruin_house_4,
          evilmike_swamp_ruin_house_6, evilmike_swamp_ruin_house_1,
          infiniplex_staircase_pool_2

Skill      XL: |  1  2  3  4  5  6  7  8  9 10 11 12 13 |
---------------+----------------------------------------+-----
Fighting       | 4 5 7 8 9 10 12 | 12.6
Armour         | 4 5 6 8 9 11 | 11.2
Shields        | 4 |  4.7
Axes           | 3 4 5 6 7 9 12 14 16 18 19 | 19.0
Dodging        | 1 2 3 4 5 6 |  6.6
Stealth        | 1 2 3 |  3.1
Evocations     | 1 |  1.2
Throwing       | |  0.1

Action                     |  1- 3 |  4- 6 |  7- 9 | 10-12 | 13-15 || total
---------------------------+-------+-------+-------+-------+-------++-------
  Melee: War axe           |    84 |   114 |       |       |       ||   198
         Headbutt          |     9 |    16 |    17 |    71 |     3 ||   116
         Battleaxe         |       |    39 |   152 |   278 |    14 ||   483
  Throw: Throwing net      |       |       |     1 |       |       ||     1
  Evoke: Wand              |       |       |     4 |     4 |       ||     8
    Use: Scroll            |     1 |    15 |     9 |    12 |     2 ||    39
         Potion            |       |     4 |     5 |     8 |     4 ||    21
   Stab: Invisible         |       |       |       |     4 |       ||     4
 Armour: Scale mail        |    37 |    83 |    85 |    23 |       ||   228
         Skin              |       |       |     4 |       |       ||     4
         Crystal plate arm |       |       |       |   141 |    12 ||   153
         Steam dragon scal |       |       |       |    21 |       ||    21
  Dodge: Dodged            |    29 |    82 |   104 |   240 |    10 ||   465
  Block: Buckler           |    21 |    34 |       |       |       ||    55
